 Dungeon Crawl Stone Soup version 0.31.0-32-g396128a36d (webtiles) character file.

Game seed: 3741128170412671182

192 OlivierBoivin the Magician (level 5, 0/46 (47) HPs)
             Began as a Gnoll Wanderer on Apr 13, 2024.
             Slain by a wight
             ... wielding a +2 spear
              (3 damage)
             ... on level 4 of the Dungeon.
             The game lasted 00:07:05 (2874 turns).

OlivierBoivin the Magician (Gnoll Wanderer)         Turns: 2874, Time: 00:07:05

HP:   0/46 (47)     AC: 10    Str: 14    XL:     5   Next: 71%
MP:   14/14         EV:  4    Int: 13    God:
Gold: 166           SH:  0    Dex:  9    Spells: 17/18 levels left

rFire   . . .        r - +0 flail (venom)
rCold   . . .        (no shield)
rNeg    + . .        g - +0 plate armour
rPois   .            (no helmet)
rElec   .            (no cloak)
rCorr   .            (no gloves)
SInv    .            (no boots)
Will    .....        q - amulet of the acrobat Stlth
                     s - ring of positive energy
HPRegen 0.27/turn    a - ring of flight
MPRegen 0.14/turn

%: acrobat
@: flying, hasted, lightly drained, very quick
A: fangs 1, strong nose, distributed training
a: no special abilities


You were on level 4 of the Dungeon.
You visited 1 branch of the dungeon, and saw 7 of its levels.

You collected 166 gold pieces.

Inventory:

Hand Weapons
 r - a +0 flail of venom (weapon)
Missiles
 d - 59 stones (quivered)
Armour
 g - a +0 plate armour (worn)
Jewellery
 a - a ring of flight (right hand)
 q - an amulet of the acrobat (around neck)
 s - a ring of positive energy (left hand)
Wands
 p - a wand of roots (13)
Scrolls
 b - a scroll of vulnerability
 i - a scroll of revelation {unknown}
 j - a scroll of brand weapon {unknown}
 n - 2 scrolls of immolation
 o - a scroll of fog
 t - a scroll of blinking {unknown}
Potions
 c - a potion of mutation {unknown}
 e - a potion of heal wounds {unknown}
 f - a potion of brilliance {unknown}
 h - a potion of attraction {unknown}
 k - 2 potions of curing {unknown}
 l - a potion of cancellation {unknown}


   Skills:
 + Level 6.7 Fighting
 + Level 1.6 Short Blades
 + Level 1.6 Long Blades
 + Level 6.7 Axes
 + Level 1.6 Maces & Flails
 + Level 1.6 Polearms
 + Level 1.6 Staves
 + Level 1.6 Ranged Weapons
 + Level 1.6 Throwing
 + Level 1.6 Armour
 + Level 1.6 Dodging
 + Level 1.6 Stealth
 + Level 1.6 Shields
 + Level 1.6 Unarmed Combat
 + Level 7.3 Spellcasting
 + Level 1.3 Conjurations
 + Level 1.3 Hexes
 + Level 1.3 Summonings
 + Level 1.3 Necromancy
 + Level 1.3 Translocations
 + Level 1.3 Fire Magic
 + Level 1.3 Ice Magic
 + Level 1.3 Air Magic
 + Level 1.3 Earth Magic
 + Level 1.3 Alchemy
 + Level 1.9 Invocations
 + Level 3.1 Evocations
 + Level 1.5 Shapeshifting


You had 17 spell levels left.
You knew the following spells:

 Your Spells              Type           Power      Damage    Failure   Level
a - Freeze                Ice            32%        1d5       100%        1

Your spell library contained the following spells:

 Spells                   Type           Power      Damage    Failure   Level
 Apportation              Tloc           16%        N/A       100%        1
 Magic Dart               Conj           32%        1d4       100%        1
 Sandblast                Erth           16%        2d6       100%        1
 Blink                    Tloc           16%        N/A       100%        2
 Call Imp                 Summ           16%        N/A       100%        2
 Jinxbite                 Hex            16%        N/A       100%        2
 Passwall                 Erth           8%         N/A       100%        3
 Stone Arrow              Conj/Erth      16%        3d8       100%        3
 Summon Ice Beast         Ice/Summ       8%         N/A       100%        3
 Brom's Barrelling Bould  Conj/Erth      8%         2d3       100%        4
 Alistair's Intoxication  Alch           5%         N/A       100%        5


Dungeon Overview and Level Annotations

Branches:
Dungeon (7/15)
 Temple: D:4-7

Altars:

Annotations:
D:5 Menkaure


Innate Abilities, Weirdness & Mutations

You have very sharp teeth.
Your uncanny sense of smell can sniff out nearby items.
Your experience applies equally to all skills.


Message History

You hit the wight.
The wight is moderately damaged.
The wight hits you with a +0 morningstar.
You partially resist.
You feel drained.
The wight hits you with a +0 morningstar.
You partially resist.
You feel drained.
You hit the wight.
The wight is moderately damaged.
The wight hits you with a +0 morningstar.
The wight hits you from afar with a +2 spear.
You sock the wight!
The wight is severely damaged.
The wight completely misses you. The wight hits you but does no damage.
You hit the wight.
You destroy the wight!
The wight hits you from afar with a +2 spear!
Your life force feels restored.
You sock the kobold!
You kill the kobold!
The wight barely misses you.
The wight hits you from afar with a +2 spear!
* * * LOW HITPOINT WARNING * * *
You feel yourself speed up.
The wight hits you from afar with a +2 spear.
* * * LOW HITPOINT WARNING * * *
You sock the wight!
The wight is severely damaged.
The wight hits you with a +2 spear.
* * * LOW HITPOINT WARNING * * *
You partially resist.
You feel drained.
You closely miss the wight.
The wight is severely damaged.
You barely miss the wight.
The wight hits you from afar with a +2 spear.
* * * LOW HITPOINT WARNING * * *
You hit the wight.
The wight is moderately damaged.
The wight barely misses you.
The wight hits you from afar with a +2 spear.
You die...

... #.. #.# ..#######.#
.....§§§#.# .....§§§'.#
.# .....§§§### #.#
#############.#.#
........@zg#.#.#### ..
##########z#.#.#..+....
#######.#.#.#.##.....
.......gg.............
........z.............
......................
......................
......................
......................


You could see 2 wights and a goblin.

Vanquished Creatures
  A wight (D:4)
  An iguana (D:5)
  3 gnolls
  2 adders
  A dart slug (D:1)
  5 orcs
  4 endoplasms
  3 giant cockroaches
  A goblin (D:2)
  5 hobgoblins
  4 jackals (D:3)
  7 kobolds
  3 quokkas
  7 ball pythons
  5 bats
  3 frilled lizards
  6 rats
61 creatures vanquished.

Notes
Turn   | Place    | Note
-------+----------+-------------------------------------------
     0 | D:1      | OlivierBoivin the Gnoll Wanderer began the quest for the
                  | Orb.
     0 | D:1      | OlivierBoivin set off with the following items: a +3 hand
                  | axe, a scroll of vulnerability, a +0 robe; and the
                  | following spell memorised: Freeze; and the following spells
                  | available to memorise: Summon Ice Beast.
     0 | D:1      | Reached XP level 1. HP: 23/23 MP: 8/8
   257 | D:1      | Reached XP level 2. HP: 29/29 MP: 10/10
   927 | D:2      | Reached XP level 3. HP: 35/35 MP: 11/11
  1704 | D:3      | Reached skill level 1 in Invocations
  1861 | D:3      | Reached skill level 1 in Short Blades
  1861 | D:3      | Reached skill level 1 in Long Blades
  1861 | D:3      | Reached skill level 1 in Maces & Flails
  1861 | D:3      | Reached skill level 1 in Polearms
  1861 | D:3      | Reached skill level 1 in Staves
  1861 | D:3      | Reached skill level 1 in Ranged Weapons
  1861 | D:3      | Reached skill level 1 in Throwing
  1861 | D:3      | Reached skill level 1 in Armour
  1861 | D:3      | Reached skill level 1 in Dodging
  1861 | D:3      | Reached skill level 1 in Stealth
  1861 | D:3      | Reached skill level 1 in Shields
  1861 | D:3      | Reached skill level 1 in Unarmed Combat
  1870 | D:2      | Reached skill level 1 in Shapeshifting
  1870 | D:2      | Reached XP level 4. HP: 14/41 MP: 13/13
  2250 | D:3      | Reached skill level 1 in Conjurations
  2250 | D:3      | Reached skill level 1 in Hexes
  2250 | D:3      | Reached skill level 1 in Summonings
  2250 | D:3      | Reached skill level 1 in Necromancy
  2250 | D:3      | Reached skill level 1 in Translocations
  2250 | D:3      | Reached skill level 1 in Fire Magic
  2250 | D:3      | Reached skill level 1 in Ice Magic
  2250 | D:3      | Reached skill level 1 in Air Magic
  2250 | D:3      | Reached skill level 1 in Earth Magic
  2250 | D:3      | Reached skill level 1 in Alchemy
  2548 | D:4      | You fall into a shaft and drop 3 floors!
  2589 | D:5      | Entered Level 5 of the Dungeon
  2681 | D:5      | Noticed a gnoll sergeant
  2687 | D:5      | Reached XP level 5. HP: 21/47 MP: 14/14
  2787 | D:5      | Noticed Menkaure
  2874 | D:4      | Slain by a wight

Illustrated notes

Levels and vault maps discovered:
D:1:      dpeg_arrival_simpleton_a, layout_basic
D:2:      layout_loops_corners
D:3:      layout_basic
D:4:      layout_basic, minmay_temple_entry_glassed_door, portal_sewer_entry_b
D:5:      layout_basic, grunt_ministairs_6, uniq_ijyb, uniq_menkaure,
          uniq_edmund
D:6:      layout_gridville, serial_shops, nicolae_shop_tiny_glass,
          nicolae_book_shop_shelving, shop, nicolae_shop_tiny_real_fake_doors,
          shop, centaur_isle
D:7:      layout_layer_cave, eat_drink_and_be_merry_uskayaw

Skill      XL: |  1  2  3  4 |
---------------+-------------+-----
Invocations    | 1 |  1.9
Short Blades   | 1 |  1.6
Long Blades    | 1 |  1.6
Maces & Flails | 1 |  1.6
Polearms       | 1 |  1.6
Staves         | 1 |  1.6
Ranged Weapons | 1 |  1.6
Throwing       | 1 |  1.6
Armour         | 1 |  1.6
Dodging        | 1 |  1.6
Stealth        | 1 |  1.6
Shields        | 1 |  1.6
Unarmed Combat | 1 |  1.6
Shapeshifting  | 1 |  1.5
Conjurations   | 1 |  1.3
Hexes          | 1 |  1.3
Summonings     | 1 |  1.3
Necromancy     | 1 |  1.3
Translocations | 1 |  1.3
Fire Magic     | 1 |  1.3
Ice Magic      | 1 |  1.3
Air Magic      | 1 |  1.3
Earth Magic    | 1 |  1.3
Alchemy        | 1 |  1.3
Evocations     | 3 |  3.1
Fighting       | |  6.7
Axes           | |  6.7
Spellcasting   | |  7.3

Action                     |  1- 3 |  4- 6 || total
---------------------------+-------+-------++-------
  Melee: Hand axe          |    97 |       ||    97
         Bite              |     7 |     7 ||    14
         Flail             |       |    83 ||    83
         Punch             |       |     2 ||     2
  Throw: Stone             |     3 |       ||     3
    Use: Potion            |     1 |     1 ||     2
         Scroll            |       |     5 ||     5
 Armour: Ring mail         |    53 |    46 ||    99
         Robe              |     1 |       ||     1
         Plate armour      |       |    47 ||    47
  Dodge: Dodged            |    43 |    64 ||   107
